 Dungeon Crawl Stone Soup version 0.20.1-1-g8b1a95d (console) character file.

40872 hilaritas the Thaumaturge (level 13, -6/82 HPs)
             Began as a Deep Elf Earth Elementalist on Dec 19, 2017.
             Was an Elder of Vehumet.
             Mangled by a four-headed hydra (13 damage)
             ... on level 6 of the Lair of Beasts.
             The game lasted 01:09:25 (25452 turns).

hilaritas the Thaumaturge (DEEE)                   Turns: 25452, Time: 01:09:26

Health: -6/82      AC: 10    Str:  6    XL:     13   Next: 77%
Magic:  10/42      EV: 19    Int: 30    God:    Vehumet [****..]
Gold:   349        SH:  9    Dex: 15    Spells: 13/40 levels left

rFire    + . .     SeeInvis .   I - +1 dagger (vamp)
rCold    . . .     Gourm    .   A - +1 buckler
rNeg     . . .     Faith    .   F - +2 robe {rF+}
rPois    .         Spirit   .   U - +1 helmet
rElec    .         Reflect  +   (no cloak)
rCorr    .         Harm     .   w - +2 pair of gloves
MR       +....                  (no boots)
Stlth    ++........             K - +3 amulet of reflection
Regen    0.3/turn               Y - +5 ring of intelligence
MPRegen  0.3/turn               n - ring of magical power

@: lethally poisoned (-6 -> -9), slowed, very slow
A: no striking features
a: Renounce Religion


You were on level 6 of the Lair of Beasts.
You worshipped Vehumet.
Vehumet was greatly pleased with you.
You were not hungry.

You visited 3 branches of the dungeon, and saw 19 of its levels.
You also visited: Sewer.

You collected 1146 gold pieces.
You spent 797 gold pieces at shops.

Inventory:

Hand Weapons
 g - a +1 dagger of flaming
 I - a +1 vampiric dagger (weapon)
Missiles
 b - 369 stones (quivered)
 H - 374 arrows
Armour
 w - a +2 pair of gloves (worn)
 A - a +1 buckler (worn)
 F - a +2 robe of fire resistance (worn)
 U - a +1 helmet (worn)
 W - a +2 robe of cold resistance
 Z - a +0 robe of magic resistance
Jewellery
 c - a +4 ring of intelligence
 n - a ring of magical power (right hand)
 t - an uncursed ring of resist corrosion
 y - an uncursed ring of see invisible
 K - a +3 amulet of reflection (around neck)
 L - an uncursed ring of ice
 O - an uncursed ring of protection from fire
 R - an uncursed ring of poison resistance
 V - an uncursed ring of ice
 Y - a +5 ring of intelligence (left hand)
Wands
 v - a wand of clouds (5/9)
 P - a wand of lightning (7/15)
Scrolls
 a - 5 scrolls of identify
 j - 7 scrolls of teleportation
 k - 2 scrolls of fear
 l - a scroll of brand weapon
 m - 6 scrolls of amnesia
 p - 2 scrolls of enchant armour
 x - 6 scrolls of enchant weapon
 E - a scroll of blinking
 G - 7 scrolls of remove curse
 J - 6 scrolls of recharging
 M - a scroll of fog
 X - a scroll of magic mapping
Potions
 e - 3 potions of brilliance
 f - 2 potions of berserk rage
 h - 2 potions of haste
 i - 4 potions of flight
 q - a potion of mutation
 r - 5 potions of heal wounds
 s - 2 potions of curing
 B - 2 potions of cancellation
 D - 2 potions of resistance
 N - a potion of invisibility
 T - 3 potions of might
Books
 o - a book of Debilitation

   Spells                             Type                      Level
   a - Corona                         Hexes                        1
   b - Slow                           Hexes                        2
   c - Inner Flame                    Hexes/Fire                   3
   d - Portal Projectile              Hexes/Translocation          3
   e - Cause Fear                     Hexes                        4
   f - Leda's Liquefaction            Hexes/Earth                  4
Comestibles
 d - 9 bread rations
 u - 10 meat rations
 C - 9 royal jellies


   Skills:
 - Level 10.0 Fighting
 - Level 7.2 Armour
 - Level 10.2 Dodging
 - Level 2.4 Stealth
 - Level 5.0 Shields
 - Level 14.0 Spellcasting
 - Level 7.0 Conjurations
 * Level 3.5 Charms
 - Level 1.1 Transmutations
 + Level 11.5 Earth Magic


You had 13 spell levels left.
You knew the following spells:

 Your Spells              Type           Power        Failure   Level  Hunger
a - Sandblast             Erth           ######       0%          1    None
b - Stone Arrow           Conj/Erth      ######       1%          3    None
c - Lee's Rapid Deconstr  Erth           ######....   1%          5    None
d - Regeneration          Chrm/Necr      ####......   3%          3    None
e - Shroud of Golubria    Chrm/Tloc      ####......   1%          2    None
f - Flame Tongue          Conj/Fire      #####        1%          1    None
g - Swiftness             Chrm/Air       ####....     1%          2    None
h - Iskenderun's Mystic   Conj           ######..     1%          4    None
i - Apportation           Tloc           ###...       2%          1    None
j - Summon Butterflies    Summ           ###.....     2%          1    None
k - Passwall              Tmut/Erth      ######....   1%          2    None
l - Blink                 Tloc           N/A          3%          2    None


Dungeon Overview and Level Annotations

Branches:
Dungeon (12/15)            Temple (1/1) D:7            Lair (6/6) D:10
  Swamp (0/4) Lair:3       Spider (0/4) Lair:4        Slime (0/5) Lair:5
    Orc (0/2) D:12

Altars:
Ashenzari
Dithmenos
Elyvilon
Fedhas
Gozag
Hepliaklqana
Kikubaaqudgha
Makhleb
Nemelex Xobeh
Okawaru
Qazlal
Trog
Uskayaw
Vehumet
Xom
Yredelemnul
The Shining One
Jiyva

Shops:
D:6 [   D:9 =


Message History

Confirm with . or Enter, or press ? or * to list all spells.
Aiming: Lee's Rapid Deconstruction
Press: ? - help, Dir - move target cursor The wall shatters!
The blast of rock fragments hits the elephant.
The elephant is almost dead.
The blast of rock fragments hits the four-headed hydra.
The four-headed hydra is moderately wounded.
The blast of rock fragments hits the elephant.
The elephant is severely wounded.
The blast of rock fragments hits the elephant.
The elephant is moderately wounded.
You feel sick.
You hear an angry hiss.
You hear a shout!
You hear an angry hiss.
You block the hornet's attack.
You block the four-headed hydra's attack.
The four-headed hydra bites you.
* * * LOW HITPOINT WARNING * * *
The four-headed hydra bites you!
You die...

#### #.@#...##
##Dy##...##
.YYlY#....##
##.YF.##....##
#......#.....# .
##......#.....##.. P
#.....P..#†..PP.#
...P#PP..#.PP#.P..##
....÷..<.##........#
.........#........##
..........#...#....#


You could see a four-headed hydra, 4 elephants, a spiny frog, a hornet and a
wyvern.

Vanquished Creatures
  Gastronok (D:11)
  Azrael (D:12)
  Josephine (D:10)
  The ghost of buskinjo the Basher, a journeyman OpFi of Gozag (D:11)
  5 hydras
  Fannar (D:11)
  2 two-headed ogres
  Sonja (D:12)
  An unseen horror (D:10)
  Pikel (D:7)
  A manticore (D:11)
  An ugly thing (D:11)
  A deep elf mage (D:11)
  An oklob plant (Lair:4)
  A cyclops (D:11)
  The ghost of hilaritas the Geomancer, a novice DEEE of Sif Muna (D:6)
  4 black mambas (Lair:4)
  6 spiny frogs
  A rime drake (Lair:1)
  4 komodo dragons
  A polar bear (Lair:5)
  4 trolls
  A tyrant leech (Lair:3)
  A hornet (D:11)
  3 blink frogs
  7 hippogriffs
  4 slime creatures
  Sigmund (D:3)
  2 redbacks
  4 wraiths
  A water elemental (D:11)
  6 wyverns
  4 hogs (D:7)
  5 fire elementals
  30 yaks
  A human (D:7)
  7 basilisks
  Grum (D:10)
  A swamp worm (Lair:3)
  A hell hound (D:12)
  13 water moccasins
  An acid dragon (D:12)
  6 porcupines
  4 slaves
  5 sky beasts
  4 ice beasts
  7 orc warriors
  An eye of draining (D:10)
  A phantom (D:5)
  2 black bears
  A necrophage (D:11)
  4 ogres
  11 wolves
  11 centaurs
  7 crocodiles
  3 big kobolds
  15 bullfrogs
  A gnoll sergeant (D:10)
  2 scorpions
  5 killer bees
  10 wights
  4 howler monkeys
  6 electric eels
  4 crimson imps
  6 hounds
  4 quasits
  A jelly (D:11)
  6 orc wizards
  3 centaur skeletons
  6 orc priests
  2 bullfrog skeletons
  A gnoll shaman (D:4)
  Natasha (thrice) (D:3)
  An iguana (Lair:1)
  13 worker ants
  A killer bee zombie (D:8)
  A hound zombie (D:5)
  5 adders
  12 gnolls
  6 shadow imps
  An adder skeleton (D:8)
  2 worms
  6 dart slugs
  2 leopard geckos (D:1)
  37 orcs
  7 giant cockroaches
  5 hobgoblins
  13 jackals
  19 kobolds
  3 quokkas
  A ball python (D:4)
  5 bats
  5 frilled lizards
  12 goblins
  A leopard gecko zombie (D:7)
  A quokka skeleton (D:5)
  9 rats
  A spectral orc (D:8)
  A fungus (Lair:3)
451 creatures vanquished.

Vanquished Creatures (others)
  A kobold (D:9)
  12 fungi
  5 plants
18 creatures vanquished.

Grand Total: 469 creatures vanquished

Notes
Turn   | Place    | Note
-------+----------+-------------------------------------------
     0 | D:1      | hilaritas the Deep Elf Earth Elementalist began the quest for the Orb.
     0 | D:1      | Reached XP level 1. HP: 10/10 MP: 6/6
   183 | D:1      | Reached XP level 2. HP: 15/15 MP: 6/8
   569 | D:1      | Reached XP level 3. HP: 19/19 MP: 7/9
   574 | D:1      | Learned a level 3 spell: Stone Arrow
  1248 | D:2      | Reached skill level 1 in Conjurations
  1676 | D:2      | Reached skill level 5 in Earth Magic
  2001 | D:3      | Found a bloodstained altar of Trog.
  2072 | D:3      | Reached XP level 4. HP: 21/24 MP: 6/10
  2098 | D:3      | Noticed Natasha
  2099 | D:3      | Killed Natasha
  2114 | D:3      | Noticed Sigmund
  2124 | D:3      | Killed Sigmund
  2124 | D:3      | Reached XP level 5. HP: 7/28 MP: 1/11
  2124 | D:3      | Reached XP level 6. HP: 9/32 MP: 1/12
  2195 | D:3      | Noticed Natasha
  2201 | D:3      | Killed Natasha
  2240 | D:3      | Noticed Natasha
  2243 | D:3      | Killed Natasha
  2243 | D:3      | Reached skill level 4 in Spellcasting
  2320 | D:3      | Found a glowing drain.
  2335 | Sewer    | Entered a sewer
  2467 | Sewer    | Learned a level 5 spell: Lee's Rapid Deconstruction
  2758 | Sewer    | Reached skill level 5 in Spellcasting
  2831 | Sewer    | Found a glowing silver altar of Zin.
  3384 | D:4      | Reached skill level 6 in Spellcasting
  3384 | D:4      | Reached XP level 7. HP: 36/36 MP: 10/18
  3501 | D:4      | Found an ancient bone altar of Kikubaaqudgha.
  3707 | D:4      | Found an opulent altar of Gozag.
  4023 | D:4      | Learned a level 3 spell: Regeneration
  4310 | D:5      | Entered Level 5 of the Dungeon
  5239 | D:5      | Reached XP level 8. HP: 41/41 MP: 15/19
  5792 | D:6      | Reached skill level 5 in Conjurations
  5793 | D:6      | Found a shattered altar of Ashenzari.
  5910 | D:6      | Found Jianwiso's Armour Emporium.
  5936 | D:6      | Bought a +0 buckler for 58 gold pieces
  6026 | D:6      | Found a hide-covered altar of Uskayaw.
  6105 | D:6      | Reached skill level 1 in Shields
  6167 | D:6      | Found a burning altar of Makhleb.
  6331 | D:6      | Learned a level 2 spell: Shroud of Golubria
  6784 | D:6      | Reached skill level 10 in Earth Magic
  6964 | D:6      | Noticed hilaritas's ghost (novice DEEE)
  6970 | D:6      | Killed hilaritas's ghost
  6970 | D:6      | Reached skill level 7 in Spellcasting
  6970 | D:6      | Reached XP level 9. HP: 45/45 MP: 11/22
  7029 | D:6      | Found a bloodstained altar of Trog.
  7032 | D:6      | Found a shadowy altar of Dithmenos.
  7084 | D:7      | Noticed Pikel
  7240 | D:6      | Reached skill level 8 in Spellcasting
  7363 | D:7      | Killed Pikel
  7363 | D:7      | Reached skill level 9 in Spellcasting
  7528 | D:7      | Reached skill level 10 in Spellcasting
  7676 | D:7      | Reached skill level 1 in Charms
  7739 | D:7      | Reached skill level 1 in Fighting
  8000 | D:7      | Found a staircase to the Ecumenical Temple.
  8011 | Temple   | Entered the Ecumenical Temple
  8022 | Temple   | Became a worshipper of Vehumet
  8136 | D:7      | Reached skill level 5 in Shields
  8141 | D:7      | Reached XP level 10. HP: 53/53 MP: 7/26
  8375 | D:7      | Found a glowing golden altar of the Shining One.
  8594 | D:8      | Found a basalt altar of Yredelemnul.
  9200 | D:8      | Found a blossoming altar of Fedhas.
  9232 | D:8      | Found a hazy altar of Hepliaklqana.
 10091 | D:9      | Found Jierunud's Jewellery Boutique.
 10116 | D:9      | Noticed a two-headed ogre
 10121 | D:9      | Killed a two-headed ogre
 10121 | D:9      | Reached skill level 5 in Dodging
 10264 | D:9      | Bought a +3 amulet of reflection for 204 gold pieces
 10728 | D:9      | Reached * piety under Vehumet
 10728 | D:9      | Offered knowledge of Flame Tongue by Vehumet.
 10871 | D:9      | Learned a level 1 spell: Flame Tongue
 11585 | D:10     | Entered Level 10 of the Dungeon
 11665 | D:10     | Noticed Josephine
 11669 | D:10     | Reached skill level 5 in Fighting
 11670 | D:10     | Killed Josephine
 11670 | D:10     | Reached XP level 11. HP: 64/64 MP: 9/27
 11866 | D:10     | Found a staircase to the Lair.
 12500 | D:10     | Noticed an unseen horror
 12506 | D:10     | Killed an unseen horror
 12552 | D:10     | Reached ** piety under Vehumet
 12552 | D:10     | Offered knowledge of Magic Dart by Vehumet.
 12707 | D:10     | Noticed Grum
 12710 | D:10     | Killed Grum
 13350 | D:11     | Noticed a two-headed ogre
 13350 | D:11     | Noticed buskinjo's ghost (journeyman OpFi)
 13356 | D:11     | Killed a two-headed ogre
 13391 | D:11     | Killed buskinjo's ghost
 13391 | D:11     | Reached skill level 10 in Dodging
 13679 | D:11     | Reached skill level 1 in Armour
 13795 | D:11     | Noticed Gastronok
 13805 | D:11     | HP: 2/66 [Gastronok/the air (39)]
 13814 | D:11     | Killed Gastronok
 14168 | D:11     | Learned a level 2 spell: Swiftness
 14214 | D:11     | Offered knowledge of Ignite Poison by Vehumet.
 14767 | D:12     | Noticed Sonja
 14767 | D:12     | Noticed a deep elf mage
 14770 | D:12     | Killed Sonja
 14770 | D:12     | Reached XP level 12. HP: 73/73 MP: 21/28
 14842 | D:12     | Paralysed by a hornet for 3 turns
 15354 | D:12     | Noticed Fannar
 15850 | D:11     | Reached *** piety under Vehumet
 15850 | D:11     | Reached skill level 5 in Armour
 16202 | D:11     | HP: 2/75 [slime creature (13)]
 16572 | D:11     | Killed Fannar
 16852 | D:11     | Offered knowledge of Sticky Flame by Vehumet.
 17107 | D:12     | Noticed Azrael
 17120 | D:12     | Killed Azrael
 17462 | D:12     | Found a staircase to the Orcish Mines.
 17916 | D:11     | Reached **** piety under Vehumet
 18152 | Lair:1   | Entered Level 1 of the Lair of Beasts
 18488 | Lair:1   | Offered knowledge of Iskenderun's Mystic Blast by Vehumet.
 18494 | Lair:1   | Learned a level 4 spell: Iskenderun's Mystic Blast
 18710 | Lair:1   | Noticed a six-headed hydra
 18714 | Lair:1   | Killed a six-headed hydra
 18725 | Lair:1   | Reached XP level 13. HP: 82/82 MP: 8/29
 18732 | Lair:1   | Reached skill level 10 in Fighting
 19724 | D:9      | Bought a +5 ring of intelligence for 535 gold pieces
 20062 | Lair:2   | Reached skill level 11 in Spellcasting
 20476 | Lair:3   | Learned a level 1 spell: Apportation
 20478 | Lair:3   | Learned a level 1 spell: Summon Butterflies
 20481 | Lair:3   | Learned a level 2 spell: Passwall
 20489 | Lair:3   | Learned a level 2 spell: Blink
 20940 | Lair:3   | Reached skill level 12 in Spellcasting
 21164 | Lair:3   | Found a staircase to the Swamp.
 22186 | Lair:4   | Reached ***** piety under Vehumet
 22186 | Lair:4   | Offered knowledge of Fireball by Vehumet.
 22200 | Lair:4   | Found a hole to the Spider Nest.
 22499 | Lair:4   | Got a heavy robe
 22510 | Lair:4   | Identified the +1 robe "Lept" {*Corrode rPois Str+5 Int-5 Stlth+} (You found it on level 4 of the Lair of Beasts)
 22767 | Lair:4   | Found a bloodstained altar of Trog.
 22775 | Lair:4   | Reached skill level 13 in Spellcasting
 23334 | Lair:5   | Found a staircase to the Slime Pits.
 23334 | Lair:5   | Found a viscous altar of Jiyva.
 24488 | Lair:5   | Reached skill level 14 in Spellcasting
 24860 | Lair:6   | Entered Level 6 of the Lair of Beasts
 25452 | Lair:6   | Mangled by a four-headed hydra

Skill      XL: |  1  2  3  4  5  6  7  8  9 10 11 12 13 |
---------------+----------------------------------------+-----
Earth Magic    | 4 5 6 8 10 11 | 11.5
Conjurations   | 1 2 4 5 6 7 |  7.0
Spellcasting   | 6 7 10 14 | 14.0
Shields        | 3 5 |  5.0
Charms         | 2 3 |  3.5
Fighting       | 1 5 7 9 10 | 10.0
Dodging        | 7 10 | 10.2
Armour         | 3 7 |  7.2
Stealth        | |  2.4
Transmutations | |  1.1

Action                   |  1- 3 |  4- 6 |  7- 9 | 10-12 | 13-15 || total
-------------------------+-------+-------+-------+-------+-------++-------
Melee: Dagger            |    28 |    34 |    65 |    24 |     2 ||   153
Throw: Stone             |       |       |       |     1 |       ||     1
 Cast: Sandblast         |    56 |    25 |    20 |    36 |    10 ||   147
       Stone Arrow       |     2 |    15 |   106 |   356 |   231 ||   710
       Lee's Rapid Decon |       |       |    17 |    38 |    19 ||    74
       Shroud of Golubri |       |       |       |    35 |     8 ||    43
  Use: Potion            |       |     1 |       |     3 |     2 ||     6
       Scroll            |       |     6 |    10 |     7 |     7 ||    30
 Stab: Sleeping          |     3 |     2 |       |       |       ||     5
  Eat: Chunk             |     4 |     5 |    17 |    32 |    13 ||    71
       Fruit             |       |       |     2 |     7 |     3 ||    12
       Bread ration      |       |       |       |     1 |       ||     1
       Royal jelly       |       |       |       |       |     3 ||     3
Armor: Robe              |    18 |    11 |    10 |    42 |    23 ||   104
       Skin              |       |       |       |       |     2 ||     2
Dodge: Dodged            |    25 |    19 |    27 |   206 |   134 ||   411
Block: Buckler           |       |       |    12 |   131 |    91 ||   234
       Reflection        |       |       |       |     7 |       ||     7
